 Dungeon Crawl Stone Soup version 0.30-a0-272-gf98c3da03f (webtiles) character file.

Game seed: 4151911555928250238

618 koil the Sneak (level 7, -2/35 HPs)
             Began as a Spriggan Enchanter on Oct 15, 2022.
             Slain by a lemure (6 damage)
             ... led by Pikel
             ... on level 5 of the Dungeon.
             The game lasted 00:10:52 (4202 turns).

koil the Sneak (Spriggan Enchanter)                 Turns: 4202, Time: 00:10:55

Health: -2/35      AC:  2    Str:  4    XL:     7   Next: 21%
Magic:  12/15      EV: 19    Int: 16    God:
Gold:   285        SH:  0    Dex: 18    Spells: 10/15 levels left

rFire   . . .      SeeInvis +    a - +1 dagger
rCold   . . .      Faith    .    (no shield)
rNeg    . . .      Spirit   .    b - +0 robe
rPois   .          Reflect  .    (helmet restricted)
rElec   .          Harm     .    (no cloak)
rCorr   .          Rampage  .    (gloves unavailable)
Will    +....                    (boots unavailable)
Stlth   ++++......               (no amulet)
HPRegen 0.25/turn                (no ring)
MPRegen 0.14/turn                (no ring)

@: confusing by touch, very quick
A: very small, no large weapons, unfitting armour, see invisible, speed 3
a: no special abilities


You were on level 5 of the Dungeon.
You visited 1 branch of the dungeon, and saw 5 of its levels.

You collected 285 gold pieces.

Inventory:

Hand Weapons
 a - a +1 dagger (weapon)
 y - a +2 vorpal hand axe
Armour
 b - a +0 robe (worn)
 m - a +0 robe
 s - a scarf of shadows
Jewellery
 g - a ring of magical power
 o - a ring of positive energy
Wands
 z - a wand of mindburst (21)
Scrolls
 d - 8 scrolls of identify {unknown}
 e - 4 scrolls of noise {unknown}
 f - a scroll of acquirement {unknown}
 i - 2 scrolls of teleportation {unknown}
 k - a scroll of enchant weapon {unknown}
 l - a scroll of amnesia {unknown}
 p - a scroll of brand weapon {unknown}
 r - a scroll of summoning {unknown}
 t - 2 scrolls of immolation {unknown}
 x - a scroll of fear {unknown}
Potions
 c - 3 potions of invisibility
 h - a potion of mutation {unknown}
 j - a potion of flight {unknown}
 n - a potion of attraction {unknown}
 q - 3 potions of magic {unknown}
 u - 3 potions of curing {unknown}
 v - 2 potions of heal wounds {unknown}
 w - a potion of haste {unknown}


   Skills:
 + Level 2.3 Fighting
 + Level 3.5 Short Blades
 + Level 4.9 Dodging
 + Level 6.4 Stealth
 + Level 4.6 Spellcasting
 + Level 5.2 Hexes


You had 10 spell levels left.
You knew the following spells:

 Your Spells              Type           Power      Damage    Failure   Level
a - Ensorcelled Hibernat  Hex/Ice        24%        N/A       9%          2
b - Confusing Touch       Hex            20%        N/A       5%          3

Your spell library contained the following spells:

 Spells                   Type           Power      Damage    Failure   Level
 Tukima's Dance           Hex            20%        N/A       5%          3
 Foxfire                  Conj/Fire      12%        2x1d4     16%         1
 Freeze                   Ice            12%        1d3       16%         1
 Magic Dart               Conj           12%        1d3       16%         1
 Dazzling Flash           Conj/Hex       24%        N/A       16%         3
 Searing Ray              Conj           6%         2d4       24%         2
 Sublimation of Blood     Necr           3%         N/A       24%         2
 Wereblood                Tmut           3%         N/A       24%         2
 Frozen Ramparts          Ice            6%         1d1       43%         3
 Hailstorm                Conj/Ice       3%         3d3       43%         3
 Fulminant Prism          Conj/Hex       6%         3d7       47%         4
 Fireball                 Conj/Fire      1%         3d3       99%         5
 Starburst                Conj/Fire      1%         6d3       100%        6
 Summon Hydra             Summ           1%         N/A       100%        7


Dungeon Overview and Level Annotations

Branches:
Dungeon (5/15)
 Temple: D:4-7

Altars:
Elyvilon
Nemelex Xobeh
Ru
Wu Jian

Annotations:
D:5 Pikel


Innate Abilities, Weirdness & Mutations

You are very small and have problems with some larger weapons.
You are too small for most types of armour.
You have supernaturally acute eyesight. (SInv)
You cover ground extremely quickly. (Speed+++)


Message History

The ogre is lightly wounded.
The ogre barely misses you.
You barely miss the ogre.
The ogre is lightly wounded.
You hit the ogre but do no damage.
The ogre is lightly wounded.
The ogre closely misses you.
You hit the ogre.
The ogre is lightly wounded.
You hit the ogre.
The ogre is moderately wounded.
The ogre hits itself with a +0 giant spiked club!!
The ogre is killed!
No target in view!
No target in view!
Magic restored.
z - a wand of mindburst (21)
A lemure comes into view.
A lemure comes into view.
Pikel, Merchant of Souls comes into view.
He is wielding a +0 whip of flaming.
Found 14 gold pieces.
The lemure shouts!
You hear a shout!
The lemure hits you!
A lemure comes into view.
A lemure comes into view.
Casting: Confusing Touch (dangerous; 5% risk of failure)
Confirm with . or Enter, or press ? or * to list all spells.
Your hands begin to glow red.
The lemure shouts!
The lemure hits you.
Pikel hits you with a +0 whip of flaming!
Pikel burns you. The lemure closely misses you.
You hit Pikel but do no damage.
Pikel cracks his whip.
Pikel hits you with a +0 whip of flaming.
* * * LOW HITPOINT WARNING * * *
Pikel burns you.
* * * LOW HITPOINT WARNING * * *
The lemure completely misses you. The lemure hits you.
You die...

...#.....# .. #.....#
##+#.....#########+###
#.....#+###...$......#
+.....# #..........#
#.....# #..........#
#.....# #..........#
#.....# #....5.5...#
#...).###+#....5@K5..#
.............#####......
.............# .....
.............# ....
.............# ...
.............# ..
############## .


You could see Pikel and 4 lemures.

Vanquished Creatures
  A black bear (D:4)
  2 ogres (D:5)
  A centaur (D:5)
  A jelly (D:5)
  8 gnolls
  6 adders
  3 worms
  3 dart slugs
  11 orcs
  3 ball pythons
  7 endoplasms
  7 giant cockroaches
  8 hobgoblins
  4 jackals (D:1)
  7 quokkas
  8 bats
  A frilled lizard (D:2)
  4 goblins
  10 kobolds
  8 rats
103 creatures vanquished.

Vanquished Creatures (others)
  4 plants (D:4)
4 creatures vanquished.

Grand Total: 107 creatures vanquished

Notes
Turn   | Place    | Note
-------+----------+-------------------------------------------
     0 | D:1      | koil the Spriggan Enchanter began the quest for the Orb.
     0 | D:1      | Reached XP level 1. HP: 9/9 MP: 5/5
   195 | D:1      | Reached XP level 2. HP: 5/13 MP: 6/6
   198 | D:1      | Learned a level 2 spell: Ensorcelled Hibernation
   767 | D:1      | Reached XP level 3. HP: 14/17 MP: 8/8
   785 | D:1      | Learned a level 3 spell: Confusing Touch
  1626 | D:2      | Found a faded altar of an unknown god.
  1639 | D:2      | Reached skill level 1 in Fighting
  1695 | D:2      | Reached skill level 5 in Stealth
  1731 | D:2      | Reached XP level 4. HP: 22/22 MP: 9/9
  2749 | D:4      | Reached XP level 5. HP: 25/25 MP: 11/11
  2904 | D:4      | Found a sparkling altar of Nemelex Xobeh.
  3245 | D:4      | Noticed a black bear
  3253 | D:4      | Killed a black bear
  3254 | D:4      | Reached XP level 6. HP: 30/30 MP: 9/13
  3255 | D:4      | Found a white marble altar of Elyvilon.
  3359 | D:4      | Found a sacrificial altar of Ru.
  3925 | D:5      | Entered Level 5 of the Dungeon
  3982 | D:5      | Found an ornate altar of the Wu Jian Council.
  3989 | D:5      | Reached skill level 6 in Stealth
  4015 | D:5      | Reached skill level 5 in Hexes
  4044 | D:5      | Reached XP level 7. HP: 35/35 MP: 14/14
  4194 | D:5      | Noticed Pikel
  4202 | D:5      | Slain by a lemure

Illustrated notes

Levels and vault maps discovered:
D:1:      elethiomel_arrival_maze, layout_loops_ring, minmay_pentomino_q4
D:2:      layout_basic, shapermc_ecumenical_altar_venn,
          minmay_misc_feat_more_columns, chequers_serial_rivers_micro_c,
          minivault_11, amcnicky_mini_pool_small
D:3:      layout_rooms, minmay_misc_feat_four_crosses
D:4:      layout_loops_ring, kennysheep_mini_moat,
          nicolae_elyvilon_peaceful_grove, nicolae_ru_sacrificial_ziggurat,
          serial_forest, infiniplex_forest_straight_2,
          infiniplex_forest_side_room, infiniplex_forest_corner_1,
          infiniplex_forest_clump_small, infiniplex_forest_clump_medium,
          infiniplex_forest_end_3, infiniplex_forest_lined_room_3,
          minmay_surrounded
D:5:      layout_gridville, nicolae_wu_jian_wuxing_cycle, uniq_pikel

Skill      XL: |  1  2  3  4  5  6 |
---------------+-------------------+-----
Dodging        | 3 4 |  4.9
Spellcasting   | 3 4 |  4.6
Hexes          | 4 5 |  5.2
Fighting       | 1 2 |  2.3
Stealth        | 5 6 |  6.4
Short Blades   | 2 3 |  3.5

Action                   |  1- 3 |  4- 6 |  7- 9 || total
-------------------------+-------+-------+-------++-------
Melee: Dagger            |   181 |   147 |    10 ||   338
       Punch             |     3 |     1 |       ||     4
 Cast: Ensorcelled Hiber |     6 |    22 |     2 ||    30
       Confusing Touch   |       |     1 |     2 ||     3
 Stab: Sleeping          |    14 |    26 |     3 ||    43
Armor: Robe              |    19 |    10 |       ||    29
Dodge: Dodged            |   151 |   119 |     5 ||   275

Table legend: (Time is in decaauts)
 A = Elapsed time spent in this place.
 B = Non-inter-level travel time spent in this place.
 C = Inter-level travel time spent in this place.
 D = Time resting spent in this place.
 E = Time spent auto-exploring this place.
 F = Levels seen in this place.
 G = Mean time per level.
                   A        B        C        D        E       F      G
               +--------+--------+--------+--------+--------+-----+--------+
         Total |   3012 |   2967 |     45 |    131 |   2099 |   5 |  602.4 |
       Dungeon |   3012 |   2967 |     45 |    131 |   2099 |   5 |  602.4 |
               +--------+--------+--------+--------+--------+-----+--------+

Top non-repeatable levels by time:
     D:4: 838 daAuts
     D:1: 794 daAuts
     D:2: 655 daAuts
     D:3: 514 daAuts
     D:5: 210 daAuts
